 Dungeon Crawl Stone Soup version 0.20.0-10-g0535bb4 (webtiles) character file.

199769 boben the Warrior (level 18, -4/176 HPs)
             Began as a Hill Orc Fighter on June 6, 2017.
             Was the Champion of Beogh.
             Splashed by an acid blob's acid (5 damage)
             ... on level 5 of the Pits of Slime.
             The game lasted 03:28:57 (37044 turns).

boben the Warrior (Hill Orc Fighter)               Turns: 37044, Time: 03:28:58

Health: -4/176     AC: 40    Str: 36 (37) XL:     18   Next: 93%
Magic:  18/25      EV: 12    Int:  8      God:    Beogh [******]
Gold:   1009       SH:  0    Dex: 19      Spells: 22/22 levels left

rFire    . . .     SeeInvis .   q - +7 hand axe of Oozing Pus {speed, +Rage rElec rF-}
rCold    x . .     Gourm    .   m - +1 shield {AC+3}
rNeg     . . .     Faith    .   C - +6 crystal plate armour
rPois    .         Spirit   .   n - +2 helmet
rElec    +         Reflect  +   y - scarf "Munazoel" {Str+6}
rCorr    +         Harm     .   W - +1 pair of gloves
MR       +++..     Clarity  +   j - +1 pair of boots {Fly} Stlth ..........Rnd*Tele +
                                L - +4 amulet of reflection
Regen    0.4/turn               K - ring "Rimiz" {Fire MR++ Str+4 Dex+4}
MPRegen  0.2/turn               D - ring of resist corrosion

@: confused, agile, corroded
A: walk on water, slimy green scales 1, clarity, deterioration 1, low mp 1,
teleportitis 2, no potion heal 1
a: Smiting, Recall Orcish Followers, Give Item to Named Follower, Resurrection,
Renounce Religion, Evoke Berserk Rage, Evoke Flight


You were on level 5 of the Pits of Slime.
You worshipped Beogh.
Beogh was exalted by your worship.
You were not hungry.

You visited 6 branches of the dungeon, and saw 32 of its levels.
You visited the Abyss 1 time.
You also visited: Labyrinth and Wizlab.

You collected 3596 gold pieces.
You spent 2587 gold pieces at shops.

Inventory:

Hand Weapons
 q - the +7 hand axe of Oozing Pus (weapon) {speed, +Rage rElec rF-}
   (You took it off an orc on level 6 of the Dungeon)

   Attacks with this weapon are significantly faster.
   It makes you vulnerable to fire.
   It insulates you from electricity.
   It lets you go berserk.
Armour
 j - a +1 pair of boots of flying (worn)
 m - a +1 shield of protection (worn)
 n - a +2 helmet (worn)
 y - the scarf "Munazoel" (worn) {Str+6}
   (You acquired it in a labyrinth)

   It affects your strength (+6).
 C - a +6 crystal plate armour (worn)
 W - a +1 pair of gloves (worn)
Jewellery
 a - the ring "Risol" {rPois rF+ MR+}
   (You found it on level 3 of the Elven Halls)

   [ring of protection from magic]

   It protects you from fire.
   It protects you from poison.
   It affects your resistance to hostile enchantments.
 D - a ring of resist corrosion (right hand)
 K - the ring "Rimiz" (left hand) {Fire MR++ Str+4 Dex+4}
   (You found it in a labyrinth)

   [ring of fire]

   It enhances your fire magic.
   It affects your strength (+4).
   It affects your dexterity (+4).
   It protects you from fire.
   It makes you vulnerable to cold.
   It affects your resistance to hostile enchantments.
 L - a +4 amulet of reflection (around neck)
 N - the ring of Beogh's Regard {AC+4 Int+4}
   (You found it on level 3 of the Elven Halls)

   [ring of protection]

   It affects your AC (+4).
   It affects your intelligence (+4).
 O - a +5 ring of strength
 P - the ring "Togehac" {rC++ MP+9}
   (You found it on level 3 of the Elven Halls)

   [ring of magical power]

   It greatly protects you from cold.
   It affects your magic capacity (+9).
Wands
 k - a wand of confusion (20/48)
 l - a wand of digging (15/24)
 E - a wand of polymorph (9/24)
 G - a wand of random effects (11/48)
 M - a wand of disintegration (11/24)
Scrolls
 d - 9 scrolls of teleportation
 e - 11 scrolls of remove curse
 i - 6 scrolls of identify
 t - 2 scrolls of fear
 z - a scroll of enchant weapon
 I - a scroll of blinking
 Q - a scroll of recharging
 U - a scroll of holy word
 Z - 4 scrolls of magic mapping
Potions
 b - 8 potions of curing
 c - 2 potions of berserk rage
 g - a potion of magic
 h - a potion of ambrosia
 s - 8 potions of flight
 B - a potion of agility
 H - 2 potions of invisibility
 R - 4 potions of brilliance
 S - 2 potions of heal wounds
 T - 4 potions of haste
Books
 w - a book of Misfortune

   Spells                             Type                      Level
   a - Confusing Touch                Hexes                        1
   b - Confuse                        Hexes                        3
   c - Gell's Gravitas                Translocation                3
   d - Petrify                        Transmutation/Earth          4
   e - Metabolic Englaciation         Hexes/Ice                    5
   f - Yara's Violent Unravelling     Hexes/Transmutation          5
Miscellaneous
 u - a lightning rod (3/4)
 v - a fan of gales
 x - a lightning rod (3/4)
Comestibles
 f - 2 meat rations
 o - 9 bread rations
 p - 16 royal jellies
 A - 5 fruits


   Skills:
 + Level 19.1 Fighting
 + Level 15.8 Axes
 * Level 16.4 Armour
 + Level 17.6 Shields
 * Level 2.5 Spellcasting
 - Level 14.1 Invocations
 - Level 8.6 Evocations


You had 22 spell levels left.
You didn't know any spells.

Dungeon Overview and Level Annotations

Branches:
Dungeon (15/15)            Temple (0/1) D:6            Lair (6/6) D:8
  Swamp (0/4) Lair:4        Snake (0/4) Lair:3        Slime (5/5) Lair:6
    Orc (2/2) D:11            Elf (3/3) Orc:2        Vaults (0/5) D:14
 Depths (1/5) D:15

Altars:
Ashenzari
Cheibriados
Elyvilon
Fedhas
Hepliaklqana
Kikubaaqudgha
Okawaru
Ru
Trog
Uskayaw
Yredelemnul
Zin
The Shining One
Beogh

Shops:
D:6 %   D:11 (   Orc:2 ([*((   Elf:1 *[   Elf:2 [*(?   Elf:3 ?

Annotations:
D:10 Sonja
Slime:5 ldierk's ghost, veteran MiBe
Elf:3 Saint Roka


Innate Abilities, Weirdness & Mutations

You can walk on water.
You are partially covered in slimy green scales. (AC +2)
You possess an exceptional clarity of mind.
Your body sometimes deteriorates upon taking damage.
Your magical capacity is low. (-10% MP)
You are sometimes teleported next to monsters.
Potions are less effective at restoring your health.


Message History

* * * LOW HITPOINT WARNING * * *
The acid blob spits acid at you. The splash of acid hits you! You resist.
* * * LOW HITPOINT WARNING * * *
The acid corrodes you!
You are splashed with acid!
The acid burns!
You resist.
* * * LOW HITPOINT WARNING * * *
You are splashed with acid!
The walls burn you! You resist.
* * * LOW HITPOINT WARNING * * *
The eye of draining gazes at you.
You feel your power leaking away.
You are splashed with acid!
The wall burns you! You resist.
* * * LOW HITPOINT WARNING * * *
The azure jelly hits you but does no damage.
The azure jelly barely misses you. The azure jelly hits you.
* * * LOW HITPOINT WARNING * * *
The azure jelly closely misses you. The acid blob spits acid at you.
The splash of acid hits you!
You are splashed with acid!
The acid burns!
You resist.
You die...

......###
......#.##
.........
.........
........#
........###
..........#
........J.##
.....G..J@.#
............#
.............#
.............#
..............#
...............#
................#
..............#


You could see an acid blob, an azure jelly and an eye of draining.

Vanquished Creatures
  Asterion (Elf:2)
  5 acid blobs
  An eldritch tentacle (WizLab)
  4 tentacled starspawn
  4 deep elf sorcerers
  An orc warlord (Orc:2)
  A deep elf elementalist (Elf:3)
  2 deep elf demonologists (Elf:3)
  2 deep elf annihilators (Elf:3)
  2 deep elf death magi (Elf:3)
  Josephine (D:10)
  2 deep elf high priests (Elf:3)
  A minotaur (Lab)
  Harold (D:10)
  A rakshasa (Depths:1)
  3 hydras
  2 great orbs of eyes
  4 centaur warriors
  9 two-headed ogres
  2 death knights (D:15)
  Erica (D:10)
  7 death yaks
  An orc high priest (Elf:1)
  14 deep elf knights
  Nergalle (D:12)
  A wretched star (Abyss:2)
  2 skeletal warriors (D:15)
  2 glowing orange brains
  A sea snake (shapeshifter) (D:14)
  A wizard (Elf:1)
  An obsidian statue (WizLab)
  An unseen horror (D:14)
  3 deep elf archers
  A lindwurm (Lair:6)
  An orc knight (Orc:1)
  2 phantasmal warriors (D:15)
  35 deep elf magi
  4 cyclopes
  6 ugly things (D:15)
  An orc sorcerer (Orc:1)
  2 manticores (D:11)
  A worldbinder (Abyss:2)
  2 centaur zombies
  A rust devil (Abyss:2)
  5 black mambas
  A black mamba (shapeshifter) (Elf:2)
  A molten gargoyle (Lair:6)
  13 elephants
  An eye of devastation (Slime:4)
  A smoke demon (WizLab)
  8 gargoyles
  A dire elephant skeleton (Abyss:2)
  7 centaur skeletons
  8 spiny frogs
  3 komodo dragons (Lair:6)
  A tengu conjurer (D:14)
  A kobold demonologist (D:14)
  An ice devil (WizLab)
  A jumping spider (shapeshifter) (D:14)
  A polar bear (Lair:4)
  A queen bee (D:10)
  2 hornets
  3 trolls
  25 slime creatures
  17 blink frogs
  14 dancing weapons
  A saltling (Elf:1)
  5 hippogriffs
  A dream sheep (Lair:6)
  A harpy skeleton (D:15)
  A meliai zombie (D:13)
  2 raiju (Abyss:2)
  3 redbacks (Lab)
  6 shadows
  Sigmund (D:6)
  A centaur simulacrum (D:12)
  7 wyverns
  2 vampires
  2 air elementals
  24 yaks
  4 water elementals
  6 hungry ghosts
  6 wraiths
  7 basilisks
  2 fire elementals
  A golden eye (shapeshifter) (D:14)
  4 steam dragons
  Grum (D:8)
  11 vampire mosquitoes
  Menkaure (D:5)
  A warg (Orc:1)
  2 nagas (Lair:3)
  A soldier ant (D:8)
  2 swamp worms (Lair:4)
  A spatial vortex (WizLab)
  2 acid dragons (D:15)
  An insubstantial wisp (WizLab)
  4 small abominations
  10 water moccasins
  12 porcupines
  2 hell hounds (Lair:6)
  A necrophage (D:7)
  4 ice beasts
  10 orc warriors
  3 sky beasts
  3 boggarts
  4 eyes of draining
  10 ogres
  4 phantoms
  2 wolves (D:8)
  6 centaurs
  9 crocodiles
  16 bullfrogs
  A wyvern zombie (D:13)
  2 earth elementals
  A wyvern skeleton (D:9)
  3 scorpions
  23 killer bees (D:10)
  2 electric eels
  4 howler monkeys
  4 lava snakes (Lair:6)
  6 crimson imps
  A bullfrog zombie (D:7)
  Crazy Yiuf (D:7)
  4 jellies
  2 quasits
  6 hounds
  5 orc priests
  3 bullfrog skeletons
  15 orc wizards
  A hell rat (D:8)
  7 iguanas
  12 worker ants
  4 gnolls (D:4)
  3 river rats (D:8)
  13 adders
  4 shadow imps
  4 oozes
  An adder skeleton (D:4)
  2 adder zombies
  3 worms
  2 dart slugs
  3 leopard geckos
  46 orcs
  6 giant cockroaches
  A goblin (D:1)
  5 hobgoblins
  12 jackals
  8 quokkas
  8 ball pythons
  5 bats
  7 frilled lizards
  3 kobolds
  A leopard gecko skeleton (D:9)
  17 rats
  A crawling corpse (Elf:3)
  3 fungi
  A plant (Lair:3)
733 creatures vanquished.

Vanquished Creatures (collateral kills)
  2 deep elf master archers (Elf:3)
  Frances (Elf:1)
  A deep elf blademaster (Elf:3)
  4 acid blobs
  A tengu reaver (Depths:1)
  6 deep elf sorcerers (Elf:3)
  An orc warlord (Orc:1)
  Louise (Elf:2)
  2 deep elf elementalists (Elf:3)
  3 very ugly things (Depths:1)
  A dire elephant (Lair:4)
  8 deep elf annihilators (Elf:3)
  4 deep elf demonologists (Elf:3)
  2 deep elf death magi (Elf:3)
  A fire dragon (Lair:6)
  3 deep elf high priests (Elf:3)
  Erolcha (D:13)
  4 hydras
  2 ice dragons (D:15)
  2 large abominations (Elf:3)
  A centaur warrior (D:13)
  5 death yaks (Lair:6)
  17 dancing weapons
  2 hell knights (Depths:1)
  6 deep elf knights
  2 skeletal warriors (D:15)
  2 orc knights
  2 unseen horrors (D:15)
  A phantasmal warrior (D:15)
  9 deep elf archers
  3 orc sorcerers
  3 ugly things
  20 deep elf magi
  A cyclops (D:15)
  2 shining eyes
  10 elephants
  A guardian serpent (Elf:1)
  2 black mambas (Lair:6)
  A molten gargoyle (Lair:6)
  A torpor snail (Lair:6)
  A gargoyle (D:11)
  3 spiny frogs
  A freezing wraith (D:15)
  2 komodo dragons
  5 small abominations (Elf:3)
  A kobold demonologist (D:15)
  6 trolls
  A polar bear (Lair:6)
  10 blink frogs
  A saltling (Elf:1)
  16 slime creatures
  A wind drake (shapeshifter) (Elf:1)
  2 dream sheep (Lair:6)
  2 hippogriffs
  An air elemental (Elf:1)
  6 yaks
  2 wyverns (Lair:6)
  A fire elemental (Elf:3)
  A basilisk (Lair:6)
  2 water elementals (Elf:2)
  A hungry ghost (D:11)
  5 vampire mosquitoes (D:15)
  2 steam dragons (Lair:6)
  4 wargs
  2 swamp worms (Lair:4)
  2 hell hounds (Lair:6)
  A soldier ant (D:13)
  A porcupine (Lair:2)
  10 orc warriors
  2 water moccasins
  2 ice beasts
  A sky beast (D:12)
  2 boggarts (D:15)
  An ogre (Orc:1)
  3 centaurs (D:14)
  2 crocodiles (Lair:4)
  3 bullfrogs
  An earth elemental (Elf:2)
  A wyvern skeleton (D:13)
  A howler monkey (D:11)
  A crimson imp (D:15)
  A lava snake (Lair:6)
  A bullfrog zombie (D:12)
  2 jellies (Lair:6)
  3 orc priests
  8 orc wizards
  2 oozes (Lair:6)
  17 orcs
  A jackal (D:11)
  5 crawling corpses (Elf:3)
  16 fungi
  14 plants
324 creatures vanquished.

Vanquished Creatures (others)
  Saint Roka (Elf:3)
  A deep elf master archer (Elf:3)
  An orc warlord (Slime:4)
  17 orc knights
  6 orc sorcerers
  A centaur warrior (D:14)
  2 deep elf archers
  A deep elf mage (Elf:3)
  A gargoyle (Lab)
  15 orc wizards
  22 orc warriors
  2 centaurs
  2 boggarts
  17 orc priests
  64 orcs
  2 fungi (Lair:6)
  A plant (Lair:6)
  15 starspawn tentacles
171 creatures vanquished.

Grand Total: 1228 creatures vanquished

Notes
Turn   | Place    | Note
-------+----------+-------------------------------------------
     0 | D:1      | boben the Hill Orc Fighter began the quest for the Orb.
     0 | D:1      | Reached XP level 1. HP: 19/19 MP: 1/1
     3 | D:1      | Noticed an electric eel
     3 | D:1      | Noticed an electric eel
    73 | D:1      | Reached XP level 2. HP: 24/27 MP: 2/2
   517 | D:2      | Reached XP level 3. HP: 33/33 MP: 3/3
   752 | D:2      | Gained mutation: You possess an exceptional clarity of mind. [potion of mutation]
   752 | D:2      | Gained mutation: You are partially covered in slimy green scales. (AC +2) [potion of mutation]
   833 | D:2      | Reached skill level 4 in Fighting
  1078 | D:3      | Reached XP level 4. HP: 20/40 MP: 4/4
  1662 | D:3      | Reached XP level 5. HP: 29/47 MP: 5/5
  2302 | D:4      | Reached skill level 5 in Axes
  2581 | D:4      | Reached XP level 6. HP: 37/53 MP: 6/6
  2655 | D:4      | Reached skill level 5 in Shields
  2849 | D:4      | Reached skill level 5 in Fighting
  2875 | D:4      | Became a worshipper of Beogh the Brigand
  2882 | D:4      | Reached XP level 7. HP: 61/61 MP: 7/7
  3348 | D:4      | Reached skill level 5 in Armour
  3785 | D:5      | Entered Level 5 of the Dungeon
  3836 | D:5      | Reached * piety under Beogh
  3885 | D:5      | Noticed Menkaure
  3898 | D:5      | HP: 2/61 [Menkaure/nerve-wracking pain (2)]
  3910 | D:5      | Killed Menkaure
  4209 | D:5      | Reached XP level 8. HP: 65/69 MP: 8/8
  4270 | D:5      | Found a white marble altar of Elyvilon.
  4369 | D:5      | Found a sacrificial altar of Ru.
  4517 | D:6      | Noticed a cyclops
  4528 | D:6      | HP: 1/70 [cyclops/large rock (41)]
  4868 | D:6      | Found Muf Pewo's Food Emporium.
  4874 | D:6      | Reached skill level 1 in Invocations
  4880 | D:6      | Bought a meat ration for 65 gold pieces
  4880 | D:6      | Bought a meat ration for 65 gold pieces
  4880 | D:6      | Bought a meat ration for 65 gold pieces
  4976 | D:6      | Found an iron altar of Okawaru.
  4980 | D:6      | Found a blossoming altar of Fedhas.
  4981 | D:6      | Found a snail-covered altar of Cheibriados.
  4982 | D:6      | Found a hazy altar of Hepliaklqana.
  4983 | D:6      | Found a bloodstained altar of Trog.
  5008 | D:6      | Reached skill level 6 in Fighting
  5059 | D:6      | Noticed Sigmund
  5097 | D:6      | Killed Sigmund
  5427 | D:6      | Got a transparent hand axe {speed}
  5428 | D:6      | Identified the +7 hand axe of Oozing Pus {speed, +Rage rElec rF-} (You took it off an orc on level 6 of the Dungeon)
  5483 | D:6      | Found a glowing golden altar of the Shining One.
  5641 | D:6      | Found a staircase to the Ecumenical Temple.
  5859 | D:6      | HP: 1/71 [cyclops (15)]
  5867 | D:6      | Killed a cyclops
  5867 | D:6      | Reached XP level 9. HP: 17/78 MP: 9/11
  6134 | D:6      | Reached skill level 9 in Fighting
  6134 | D:6      | Reached XP level 10. HP: 91/91 MP: 11/15
  6294 | D:7      | Got a clouded golden ring
  6353 | D:7      | Identified the ring of Liudiong {rElec rC- MR+ EV+3 Int+4} (You found it on level 7 of the Dungeon)
  6445 | D:7      | Found a runed door.
  6538 | D:7      | Reached skill level 10 in Axes
  6609 | D:7      | Found an ancient bone altar of Kikubaaqudgha.
  6694 | D:7      | Reached ** piety under Beogh
  7027 | D:7      | Noticed Crazy Yiuf
  7033 | D:7      | Killed Crazy Yiuf
  7222 | D:8      | Found a glowing silver altar of Zin.
  7437 | D:8      | Noticed a death yak
  7438 | D:8      | Noticed a death yak
  7440 | D:8      | Noticed a death yak
  7461 | D:8      | Killed a death yak
  7473 | D:8      | Killed a death yak
  7479 | D:8      | Reached skill level 10 in Fighting
  7480 | D:8      | Killed a death yak
  7480 | D:8      | Reached XP level 11. HP: 82/99 MP: 17/17
  7946 | D:8      | Found a staircase to the Lair.
  7958 | D:8      | Noticed a two-headed ogre
  7965 | D:8      | Killed a two-headed ogre
  7978 | D:8      | Found a basalt altar of Yredelemnul.
  8031 | D:8      | Found a hide-covered altar of Uskayaw.
  8080 | D:8      | Noticed Grum
  8094 | D:8      | Killed Grum
  8158 | D:8      | Noticed a two-headed ogre
  8174 | D:8      | Killed a two-headed ogre
  8363 | D:9      | Noticed a two-headed ogre
  8375 | D:9      | Killed a two-headed ogre
  8375 | D:9      | Reached skill level 10 in Shields
  8388 | D:9      | Noticed a two-headed ogre
  8408 | D:9      | Killed a two-headed ogre
  8514 | D:9      | Noticed a two-headed ogre
  8531 | D:9      | Killed a two-headed ogre
  8956 | D:9      | Reached *** piety under Beogh
  9271 | D:10     | Entered Level 10 of the Dungeon
  9298 | D:10     | Noticed a two-headed ogre
  9309 | D:10     | Killed a two-headed ogre
  9309 | D:10     | Reached skill level 11 in Fighting
  9396 | D:10     | Reached XP level 12. HP: 98/110 MP: 19/19
  9411 | D:10     | Reached skill level 10 in Armour
  9565 | D:10     | Noticed Harold
  9590 | D:10     | Killed Harold
  9590 | D:10     | Reached skill level 10 in Invocations
  9712 | D:10     | Reached **** piety under Beogh
  9862 | D:10     | Noticed Josephine
  9886 | D:10     | Killed Josephine
  9919 | D:10     | Found a shattered altar of Ashenzari.
 10480 | D:10     | Noticed Sonja
 10603 | D:10     | Noticed Erica
 10622 | D:10     | Killed Erica
 10970 | D:10     | Cast into level 2 of the Abyss (Sonja)
 11067 | Abyss:2  | Noticed a deep elf knight
 11439 | Abyss:2  | Noticed a tentacled starspawn
 11473 | Abyss:2  | Noticed a wretched star
 11493 | Abyss:2  | Killed a tentacled starspawn
 11502 | Abyss:2  | Killed a wretched star
 11595 | Abyss:2  | Noticed a tentacled starspawn
 11625 | Abyss:2  | Killed a tentacled starspawn
 11625 | Abyss:2  | Reached skill level 12 in Fighting
 11625 | Abyss:2  | Reached XP level 13. HP: 69/118 MP: 20/20
 11666 | D:10     | Escaped the Abyss
 12211 | D:11     | Found a labyrinth entrance.
 12216 | Lab      | Entered a labyrinth
 12704 | Lab      | Got a scintillating marble ring
 12705 | Lab      | Identified the ring "Rimiz" {Fire MR++ Str+4 Dex+4} (You found it in a labyrinth)
 13018 | Lab      | Reached ***** piety under Beogh
 13084 | Lab      | Reached skill level 5 in Evocations
 16118 | Lab      | Noticed a minotaur
 16130 | Lab      | Killed a minotaur
 16156 | Lab      | Identified a scroll of acquirement
 16157 | Lab      | Got an ichor-stained scarf
 16168 | Lab      | Identified the scarf "Munazoel" {Str+6} (You acquired it in a labyrinth)
 16200 | D:11     | Gained Garbold as an ally
 16253 | D:11     | Found Odeseig's Weapon Shop.
 16255 | D:11     | Found a staircase to the Orcish Mines.
 16282 | D:11     | Your ally Garbold died
 16739 | D:12     | Noticed Nergalle
 16749 | D:12     | Killed Nergalle
 17044 | D:12     | Gained Ortolf as an ally
 17203 | D:12     | Was placed under penance by Beogh
 17247 | D:12     | Reached skill level 13 in Fighting
 17671 | D:13     | Noticed Erolcha
 17682 | D:13     | Killed Erolcha
 17904 | D:13     | Reached XP level 14. HP: 101/129 MP: 21/21
 18379 | D:14     | Found a gate to the Vaults.
 19182 | D:14     | Was forgiven by Beogh
 19714 | D:15     | Entered Level 15 of the Dungeon
 19745 | D:15     | Gained Berold as an ally
 20253 | D:15     | Gained Ogrik as an ally
 20533 | D:15     | Reached skill level 14 in Fighting
 21121 | D:15     | Reached skill level 15 in Axes
 21420 | D:15     | Found a staircase to the Depths.
 21504 | D:15     | Your ally Berold died
 21529 | D:15     | Reached XP level 15. HP: 127/138 MP: 22/22
 21584 | Depths:1 | Entered Level 1 of the Depths
 21612 | Depths:1 | Noticed a tengu reaver
 21635 | Depths:1 | Your ally Ogrik died
 22482 | Orc:1    | Entered Level 1 of the Orcish Mines
 22559 | Orc:1    | Noticed an orc warlord
 22579 | Orc:1    | Killed an orc warlord
 23059 | Orc:2    | Entered Level 2 of the Orcish Mines
 23127 | Orc:2    | Found a roughly hewn altar of Beogh.
 23135 | Orc:2    | Found Zepaipt's Antique Weapon Shoppe.
 23186 | Orc:2    | Found a staircase to the Elven Halls.
 23200 | Orc:2    | Found Morph's General Store.
 23225 | Orc:2    | Bought a meat ration for 70 gold pieces
 23225 | Orc:2    | Bought a potion of curing for 42 gold pieces
 23225 | Orc:2    | Bought a potion of heal wounds for 70 gold pieces
 23322 | Orc:2    | Found a roughly hewn altar of Beogh.
 23450 | Orc:2    | Found a roughly hewn altar of Beogh.
 23565 | Orc:2    | Noticed an orc warlord
 23566 | Orc:2    | Reached ****** piety under Beogh
 23578 | Orc:2    | Found a roughly hewn altar of Beogh.
 23578 | Orc:2    | Found Vuqolong's Antique Weapon Shoppe.
 23586 | Orc:2    | Killed an orc warlord
 23589 | Orc:2    | Found Nuoleman's Antique Armour Emporium.
 23602 | Orc:2    | Bought a pair of glowing gloves for 232 gold pieces
 23706 | Orc:2    | Found a roughly hewn altar of Beogh.
 23716 | Orc:2    | Found a roughly hewn altar of Beogh.
 23797 | Orc:2    | Gained Korbok as an ally
 23798 | Orc:2    | Your ally Korbok died
 23852 | Orc:2    | Found a roughly hewn altar of Beogh.
 23853 | Orc:2    | Found Uxkiog's Weapon Shoppe.
 24202 | Elf:1    | Entered Level 1 of the Elven Halls
 24313 | Elf:1    | Found a ruined gateway.
 24370 | Elf:1    | Found Heapsikh's General Store.
 24470 | Elf:1    | Gained Borgun as an ally
 24533 | Elf:1    | Noticed a deep elf sorcerer
 24551 | Elf:1    | Killed a deep elf sorcerer
 24551 | Elf:1    | Reached skill level 15 in Fighting
 24599 | Elf:1    | Noticed a deep elf sorcerer
 24610 | Elf:1    | Killed a deep elf sorcerer
 24624 | Elf:1    | Found Caafeseu's Antique Armour Boutique.
 24640 | Elf:1    | Bought a pair of embroidered boots for 210 gold pieces
 24667 | Elf:1    | Noticed Frances
 24683 | Elf:1    | Killed Frances
 25412 | Elf:2    | Found Uwne's Weapon Shoppe.
 25412 | Elf:2    | Found Lira's Armour Shoppe.
 25412 | Elf:2    | Found Gahec's Assorted Antiques.
 25413 | Elf:2    | Found Binto's Magic Scroll Shoppe.
 25439 | Elf:2    | Reached XP level 16. HP: 93/149 MP: 24/24
 25592 | Elf:2    | Noticed Asterion
 25640 | Elf:2    | Killed Asterion
 25802 | Elf:2    | Bought a scroll of acquirement for 1768 gold pieces
 25828 | Elf:2    | Reached skill level 15 in Shields
 25842 | Elf:2    | Noticed Louise
 25866 | Elf:2    | Killed Louise
 25910 | Elf:2    | Found a magical portal.
 25929 | WizLab   | Entered The Roulette of Golubria
 25929 | WizLab   | Found a transporter.
 25936 | WizLab   | Found a corrupted altar of Lugonu.
 25963 | WizLab   | Noticed a tentacled starspawn
 25979 | WizLab   | Killed a tentacled starspawn
 26015 | WizLab   | Noticed a tentacled starspawn
 26028 | WizLab   | Killed a tentacled starspawn
 26028 | WizLab   | Reached skill level 16 in Fighting
 26039 | WizLab   | Found a transporter.
 26040 | WizLab   | Found a transporter.
 26082 | WizLab   | Found a transporter.
 26082 | WizLab   | Found a transporter.
 26101 | WizLab   | Found a transporter.
 26150 | WizLab   | Got a jewelled cloak
 26161 | WizLab   | Identified the cursed +0 cloak of Efyotaha {+Fly} (You found it in a wizard's laboratory)
 26313 | Elf:2    | Noticed Saint Roka
 26568 | Elf:2    | Gained Geork as an ally
 26614 | Elf:2    | Found a huge runed gate.
 26614 | Elf:2    | Found a huge runed gate.
 26618 | Elf:2    | Found a huge runed gate.
 26882 | Elf:2    | Reached skill level 17 in Fighting
 27020 | Elf:3    | Entered Level 3 of the Elven Halls
 27020 | Elf:3    | Found Teafougym's Magic Scroll Shoppe.
 27511 | Elf:3    | Reached XP level 17. HP: 161/161 MP: 26/26
 27562 | Elf:3    | Noticed a deep elf master archer
 27580 | Elf:3    | Killed a deep elf master archer
 27584 | Elf:3    | Your ally died
 27591 | Elf:3    | Reached skill level 15 in Armour
 27613 | Elf:3    | Gained Learuk as an ally
 27621 | Elf:3    | Noticed a Tzitzimitl
 27641 | Elf:3    | Your ally Geork died
 27642 | Elf:3    | Noticed a deep elf blademaster
 27644 | Elf:3    | Killed a deep elf blademaster
 27652 | Elf:3    | Noticed a deep elf master archer
 27652 | Elf:3    | Noticed a deep elf master archer
 27669 | Elf:3    | Your ally Learuk died
 27682 | Elf:3    | Killed a deep elf master archer
 27685 | Elf:3    | Killed a ghostly deep elf master archer
 27685 | Elf:3    | Gained Brandogh as an ally
 27692 | Elf:3    | Your ally Brandogh died
 27696 | Elf:3    | Killed a deep elf master archer
 27697 | Elf:3    | Your ally Borgun died
 27731 | Elf:3    | Noticed a Brimstone Fiend
 27739 | Elf:3    | Noticed an Ice Fiend
 27746 | Elf:3    | Gained Margrim as an ally
 27763 | Elf:3    | Gained Hilgar as an ally
 27794 | Elf:3    | Noticed a Tzitzimitl
 28197 | Elf:3    | Reached skill level 18 in Fighting
 28263 | Elf:3    | Noticed a Brimstone Fiend
 28270 | Elf:3    | Got a clouded platinum ring
 28274 | Elf:3    | Got a crude hand axe
 28278 | Elf:3    | Got a transparent long sword
 28282 | Elf:3    | Identified the Reference Book on Destructive Curses
 28301 | Elf:3    | Identified the Papyrus of Quantum Dark Arts
 28318 | Elf:3    | Got a scorched silver ring
 28367 | Elf:3    | Identified the +9 hand axe "Jelly's Death Toll" {holy, MP+9} (You found it on level 3 of the Elven Halls)
 28369 | Elf:3    | Identified the +7 long sword of Bloodstone {slice, Str+3} (You found it on level 3 of the Elven Halls)
 28389 | Elf:3    | Got a heavily runed brass ring
 28459 | Elf:3    | Got a dazzling battleaxe
 28465 | Elf:3    | Identified the +5 battleaxe of Woe {flame, rC+++ Str+4} (You found it on level 3 of the Elven Halls)
 28726 | Elf:3    | Got a transparent leather armour
 28737 | Elf:3    | Identified the +1 leather armour "Afynai" {rElec Int-2 Dex-2 SInv} (You found it on level 3 of the Elven Halls)
 28749 | Elf:3    | Identified the ring "Risol" {rPois rF+ MR+} (You found it on level 3 of the Elven Halls)
 28755 | Elf:3    | Identified the ring of Beogh's Regard {AC+4 Int+4} (You found it on level 3 of the Elven Halls)
 28759 | Elf:3    | Identified the ring "Togehac" {rC++ MP+9} (You found it on level 3 of the Elven Halls)
 29372 | Depths:1 | Your ally Margrim died
 29382 | Depths:1 | Your ally Hilgar died
 30050 | Lair:1   | Entered Level 1 of the Lair of Beasts
 31680 | Lair:2   | Gained Zartorak as an ally
 32050 | Lair:3   | Got a shimmering scale mail
 32125 | Lair:3   | Reached XP level 18. HP: 166/173 MP: 28/28
 32430 | Lair:3   | Found a staircase to the Snake Pit.
 33443 | Lair:4   | Found a staircase to the Swamp.
 33799 | Lair:5   | Gained Bogdan as an ally
 33804 | Lair:5   | Gained Marbaugh as an ally
 34337 | Lair:6   | Entered Level 6 of the Lair of Beasts
 34337 | Lair:6   | Found a staircase to the Slime Pits.
 34845 | Lair:6   | Gained Hawl as an ally
 35076 | Lair:6   | Found a large runed door.
 35076 | Lair:6   | Found a large runed door.
 35208 | Lair:6   | Reached skill level 1 in Spellcasting
 35708 | Slime:1  | Entered Level 1 of the Pits of Slime
 35734 | Slime:1  | Gained Geork as an ally
 36264 | Slime:3  | Gained mutation: Your body sometimes deteriorates upon taking damage. [a shining eye]
 36267 | Slime:3  | Gained mutation: You are occasionally teleported next to monsters. [a shining eye]
 36286 | Slime:3  | Reached skill level 19 in Fighting
 36522 | Slime:4  | Gained mutation: Potions are less effective at restoring your health. [a shining eye]
 36523 | Slime:4  | Gained mutation: Your magical capacity is low. (-10% MP) [a shining eye]
 36556 | Slime:4  | Your ally Bogdan died
 36565 | Slime:4  | Your ally Hawl died
 36566 | Slime:4  | Your ally Geork died
 36567 | Slime:4  | Your ally Marbaugh died
 36569 | Slime:4  | Your ally Zartorak died
 36693 | Slime:5  | Entered Level 5 of the Pits of Slime
 36956 | Slime:5  | Noticed ldierk's ghost (veteran MiBe)
 37035 | Slime:5  | Gained mutation: You are sometimes teleported next to monsters. [a shining eye]
 37043 | Slime:5  | HP: 5/176 [acid (5)]
 37044 | Slime:5  | HP: 1/176 [azure jelly (5)]
 37044 | Slime:5  | Splashed by an acid blob's acid

Skill      XL: |  1  2  3  4  5  6  7  8  9 10 11 12 13 14 15 16 17 18 |
---------------+-------------------------------------------------------+-----
Axes           | 3 4 5 6 8 9 11 12 13 14 15 | 15.8
Fighting       | 4 5 6 9 10 11 12 13 14 15 17 18 19 | 19.1
Shields        | 4 5 6 7 9 10 11 12 13 14 15 16 17 | 17.6
Armour         | 4 5 6 8 9 10 11 12 14 15 16 | 16.4
Invocations    | 3 7 8 9 10 12 13 14 | 14.1
Evocations     | 3 4 6 7 8 |  8.6
Spellcasting   | 2 |  2.5

Action                   |  1- 3 |  4- 6 |  7- 9 | 10-12 | 13-15 | 16-18 || total
-------------------------+-------+-------+-------+-------+-------+-------++-------
Melee: War axe           |   116 |   147 |   217 |       |       |       ||   480
       Hand axe          |       |       |    17 |   788 |  1249 |  1502 ||  3556
Invok: Convert to Beogh  |       |     1 |       |       |       |       ||     1
       Smiting           |       |       |       |     1 |     5 |    12 ||    18
       Recall Orcish Fol |       |       |       |       |     3 |    13 ||    16
       Give Item to Name |       |       |       |       |       |     8 ||     8
 Abil: Evoke Berserk Rag |       |       |       |     2 |     1 |     1 ||     4
       Stop Flying       |       |       |       |       |       |     1 ||     1
Evoke: Wand              |       |       |       |       |    22 |     4 ||    26
       Lightning rod     |       |       |       |       |       |     1 ||     1
  Use: Scroll            |     6 |     1 |     2 |    12 |    15 |    15 ||    51
       Potion            |     2 |       |    11 |     1 |     4 |     7 ||    25
 Stab: Confused          |       |       |       |       |     1 |       ||     1
       Distracted        |       |       |       |       |     6 |     7 ||    13
  Eat: Bread ration      |     1 |     1 |     1 |       |       |       ||     3
       Meat ration       |       |       |     1 |     4 |     4 |     5 ||    14
       Chunk             |       |       |       |     2 |       |       ||     2
       Royal jelly       |       |       |       |       |    14 |       ||    14
       Fruit             |       |       |       |       |    13 |     7 ||    20
Armor: Scale mail        |    68 |    85 |   127 |     6 |       |       ||   286
       Crystal plate arm |       |       |       |   223 |   419 |   359 ||  1001
       Chain mail        |       |       |       |     3 |       |       ||     3
Dodge: Dodged            |    39 |    61 |    81 |    67 |   115 |    78 ||   441
Block: Shield            |    58 |    91 |   130 |   272 |   681 |   497 ||  1729
       Reflection        |       |       |       |       |    46 |    36 ||    82
       Large shield      |       |       |       |       |       |   202 ||   202
